Map: Turbo Cruise '84 LE

Players

Cham

  • Race: Zerg Zerg
  • Spawn Location: 3:00

Ziggy - Winner!

  • Race: Terran Terran
  • Spawn Location: 7:00

Event: 2019 WCS Summer

VOD

Have the link to the VOD?

Description

Time

  • Played on: July 12, 2019, 7:27 a.m.
  • Length: 3:48

All games in this series

Show
View Real Time Build Order
Export as new Build Order

Cham Zerg 

Build Orders: Hatch First 

Get SALT Encoding   

  12  0:00  Drone  
  13  0:08  Drone  
  14  0:18  Overlord  
  14  0:36  Drone x2  
  16  0:47  Hatchery  
  15  0:51  Drone  
  15  0:56  Drone  
  17  1:01  Drone  
  18  1:11  Extractor  
  17  1:16  Spawning Pool  
  17  1:18  Drone  
  17  1:21  Drone  
  18  1:33  Drone  
  19  1:44  Drone  
  20  2:03  Queen x2  
  20  2:04  Zergling x4  
  20  2:05  Drone  
  27  2:14  Spine Crawler  
  26  2:15  Spine Crawler  
  27  2:22  Roach Warren  
  27  2:26  Drone x2  
  26  2:51  Overlord  
  25  2:52  Drone  
  26  3:02  Roach x2  
  28  3:06  Roach  
  28  3:09  Queen  
  28  3:14  Roach  
  24  3:29  Roach  
Show
View Real Time Build Order
Export as new Build Order

Ziggy Terran - Winner!

Build Orders:  

Get SALT Encoding   

  12  0:00  SCV  
  13  0:12  SCV  
  14  0:17  Supply Depot  
  14  0:24  SCV  
  15  0:39  Barracks  
  15  0:44  Refinery  
  15  0:58  Barracks  
  15  1:12  Barracks  
  15  1:24  Refinery  
  15  1:27  Reaper  
  16  1:46  Barracks  
  16  1:53  Reaper  
  17  2:00  Reaper  
  18  2:08  Reaper  
  19  2:25  Reaper  
  20  2:32  Reaper  
  21  2:38  Reaper  
  22  2:50  Supply Depot  
  22  2:53  Reaper  
  23  3:00  Reaper  
  24  3:21  Orbital Command  
Tags
 
Add a new tag
Caveats
  • Supply blocks, unpowered buildings, or Contaminate may cause inaccurate times.
  • Supply counts are checked every 10 seconds.